 Dungeon Crawl Stone Soup version 0.29.0-15-g675c0067aa (webtiles) character file.

Game seed: 303445315541295093

8962 qw the Severer (level 11, -2/97 HPs)
             Began as a Minotaur Berserker on Sept 12, 2022.
             Was an Elder of Trog.
             Slain by a death yak (18 damage)
             ... on level 2 of the Lair of Beasts.
             The game lasted 00:03:30 (11785 turns).

qw the Severer (Minotaur Berserker)                Turns: 11785, Time: 00:03:31

Health: -2/97      AC: 19    Str: 33    XL:     11   Next: 16%
Magic:  10/10      EV:  7    Int: 11    God:    Trog [****..]
Gold:   373        SH:  6    Dex:  6    Spells: 10/10 levels left

rFire   + . .      SeeInvis .   Y - +1 broad axe
rCold   . . .      Faith    .   u - +0 kite shield
rNeg    . . .      Spirit   .   k - +0 plate armour
rPois   +          Reflect  .   (helmet restricted)
rElec   +          Harm     .   p - +0 cloak of a Million Demons {rElec rF+ Int+7 Dex-3}
rCorr   .          Rampage  .   d - +1 pair of gloves
Will    .....                   b - +0 pair of boots
Stlth   ..........              (no amulet)
HPRegen 0.26/turn               a - ring of poison resistance
MPRegen 0.12/turn               m - +6 ring of strength

@: lethally poisoned (-2 -> -5), about to teleport, on berserk cooldown, slowed,
very slow
A: horns 2, retaliatory headbutt
a: Renounce Religion, Berserk, Trog's Hand, Brothers in Arms


You were on level 2 of the Lair of Beasts.
You worshipped Trog.
Trog was greatly pleased with you.
You visited 2 branches of the dungeon, and saw 10 of its levels.

You collected 373 gold pieces.


Innate Abilities, Weirdness & Mutations

You have a pair of horns on your head.
You reflexively headbutt those who attack you in melee.


   Skills:
 - Level 9.0 Fighting
 - Level 16.1 Axes
 - Level 3.0 Throwing
 - Level 9.0 Armour
 - Level 3.8 Dodging
 + Level 2.2 Shields


You had 10 spell levels left.
You didn't know any spells.
Your spell library was empty.

Inventory:

Hand Weapons
 n - a +4 flail of freezing
 Y - a +1 broad axe (weapon)
Missiles
 i - 4 javelins (quivered)
 l - a boomerang
Armour
 b - a +0 pair of boots (worn)
 d - a +1 pair of gloves (worn)
 k - a +0 plate armour (worn)
 o - a scarf of repulsion
 p - the +0 cloak of a Million Demons (worn) {rElec rF+ Int+7 Dex-3}
   (You acquired it on level 1 of the Lair of Beasts)

   Int:       It affects your intelligence (+7).
   Dex:       It affects your dexterity (-3).
   rF:        It protects you from fire.
   rElec:     It insulates you from electricity.
 t - a +0 cloak of willpower
 u - a +0 kite shield (worn)
Jewellery
 a - a ring of poison resistance (left hand)
 m - a +6 ring of strength (right hand)
 r - a +6 ring of dexterity
Scrolls
 f - 5 scrolls of identify
Potions
 c - 2 potions of curing
 e - 2 potions of haste
 g - 3 potions of heal wounds
 h - a potion of might

Dungeon Overview and Level Annotations

Branches:
Dungeon (8/15)             Temple (0/1) D:4            Lair (2/5) D:8
  Swamp: Lair:2-3    Shoals: Lair:2-3     Snake: Lair:2-3    Spider: Lair:2-3

Altars:
Makhleb

Shops:
D:4 :

Annotations:
D:3 1 runed translucent door, Crazy Yiuf


Message History

A cane toad comes into view.
11779 ||| FLEEEEING.
The cane toad croaks.
You hit the death yak.
The death yak is lightly wounded.
A death yak comes into view.
The death yak gores you!
You barely miss the death yak.
The death yak bellows!
You headbutt the death yak.
The death yak is lightly wounded.
The death yak gores you! The death yak gores you!!
You slash the death yak!
The death yak is moderately wounded.
You slash the cane toad! The cane toad stings you. The death yak gores you!
The cane toad stings you.
You are poisoned.
The cane toad poisons you!
You slice the death yak!!
The death yak is heavily wounded.
You barely miss the death yak. You completely miss the cane toad.
You feel very sick.
The death yak gores you but does no damage.
The death yak barely misses you. You block the cane toad's attack.
The cane toad stings you but does no damage.
The death yak gores you but does no damage.
You barely miss the death yak.
The death yak is heavily wounded.
You hit the death yak. You hit the cane toad but do no damage.
You feel very sick. You block the cane toad's attack.
You block the death yak's attack.
The death yak gores you but does no damage.
The cane toad stings you!
11785 ||| READING scroll of teleportation.
As you read the scroll of teleportation, it crumbles to dust.
You feel strangely unstable.
You feel very sick.
The death yak gores you but does no damage.
The death yak gores you. The death yak gores you!!
You die...

. ..... < ....# .
##. ###...###
..#..###(....#.###
..................
..................
..................
........Y.........
........Y@F.......
.........Y<.......
...####...#.......
.. #####....#.. .
...## ...# ...#
...# ....


You could see 3 death yaks and a cane toad.

Vanquished Creatures
  Erica (Lair:1)
  Pikel (D:6)
  An oklob plant (Lair:1)
  2 black mambas
  A rime drake (Lair:1)
  2 cane toads (Lair:1)
  2 komodo dragons (Lair:1)
  A hornet (D:7)
  Sigmund (D:3)
  A yak (D:8)
  A wyvern (D:8)
  A basilisk (Lair:1)
  A steam dragon (D:8)
  2 orc warriors (D:5)
  6 water moccasins (D:8)
  A black bear (D:8)
  4 sky beasts
  An ice beast (D:6)
  A phantom (D:5)
  4 kobold brigands
  7 bullfrogs
  2 gnoll sergeants
  6 scorpions
  A necrophage (D:4)
  10 wights
  7 howler monkeys
  3 hounds
  7 orc priests
  A gnoll bouda (D:4)
  4 iguanas
  Ijyb (D:3)
  Terence (D:2)
  5 orc wizards
  18 gnolls
  12 adders
  2 shadow imps
  3 white imps
  An ufetubus (D:6)
  6 dart slugs
  21 orcs
  6 ball pythons
  8 endoplasms
  2 giant cockroaches
  10 goblins
  10 hobgoblins
  5 quokkas
  5 bats
  3 frilled lizards
  31 kobolds
  4 rats
237 creatures vanquished.

Vanquished Creatures (others)
  44 fungi (D:8)
  46 plants
90 creatures vanquished.

Grand Total: 327 creatures vanquished

Notes
Turn   | Place    | Note
-------+----------+-------------------------------------------
     0 | D:1      | qw the Minotaur Berserker began the quest for the Orb.
     0 | D:1      | Reached XP level 1. HP: 19/19 MP: 0/0
     0 | D:1      | 0 ||| qw: Version: 0.1-a-119-g272c26d
     0 | D:1      | 0 ||| qw: Game counter: 10969
     0 | D:1      | 0 ||| qw: Always use a shield: true
     0 | D:1      | 0 ||| qw: Do Orc after D:15 true
     0 | D:1      | 0 ||| qw: Do second Lair branch before Depths: true
     0 | D:1      | 0 ||| qw: Lair rune preference: random
     0 | D:1      | 0 ||| qw: Plans: Normal
     0 | D:1      | 0 ||| PLANNING D:1-11
    67 | D:1      | Reached skill level 4 in Axes
   190 | D:1      | Reached XP level 2. HP: 26/26 MP: 1/1
   485 | D:1      | 485 ||| Stepping ~*~*~tactically~*~*~ (hiding).
   587 | D:1      | 587 ||| Stepping ~*~*~tactically~*~*~ (hiding).
   689 | D:1      | 689 ||| Stepping ~*~*~tactically~*~*~ (hiding).
   691 | D:1      | 691 ||| Stepping ~*~*~tactically~*~*~ (hiding).
   733 | D:1      | Found a faded altar of an unknown god.
   752 | D:1      | Reached skill level 5 in Axes
   828 | D:1      | Reached XP level 3. HP: 30/31 MP: 2/2
   902 | D:1      | 902 ||| Stepping ~*~*~tactically~*~*~ (hiding).
   903 | D:1      | 903 ||| Stepping ~*~*~tactically~*~*~ (hiding).
  1062 | D:1      | Reached ** piety under Trog
  1247 | D:1      | 1247 ||| Stepping ~*~*~tactically~*~*~ (stealth).
  1606 | D:1      | 1606 ||| UPGRADING to +0 chain mail.
  1616 | D:1      | 1616 ||| DROPPING +0 animal skin.
  1617 | D:1      | 1617 ||| READING scroll labelled ZUPOSSEY VUIT.
  1618 | D:1      | 1618 ||| READING scroll labelled DIROGHUPOI.
  1619 | D:1      | 1619 ||| DRINKING 3 inky potions.
  1620 | D:1      | 1620 ||| DRINKING 2 fuming dark potions.
  1621 | D:1      | 1621 ||| DROPPING potion of degeneration.
  1688 | D:2      | Reached skill level 1 in Throwing
  1730 | D:2      | 1730 ||| Stepping ~*~*~tactically~*~*~ (hiding).
  1759 | D:2      | 1759 ||| DROPPING +0 whip.
  1868 | D:2      | 1868 ||| Stepping ~*~*~tactically~*~*~ (stealth).
  1873 | D:2      | 1873 ||| Stepping ~*~*~tactically~*~*~ (stealth).
  1887 | D:2      | Reached XP level 4. HP: 24/39 MP: 3/3
  2257 | D:2      | Reached skill level 6 in Axes
  2337 | D:2      | Noticed Terence
  2338 | D:2      | 2338 ||| INVOKING Berserk.
  2341 | D:2      | Killed Terence
  2545 | D:2      | 2545 ||| UPGRADING to +0 plate armour.
  2555 | D:2      | 2555 ||| DROPPING +0 chain mail.
  2556 | D:2      | 2556 ||| READING 2 scrolls labelled WASO OWNYNILYF.
  2557 | D:2      | 2557 ||| READING scroll labelled NILEYNLUJES.
  2558 | D:2      | 2558 ||| READING scroll labelled CEANGU CUBI.
  2559 | D:2      | 2559 ||| DRINKING 2 blue potions.
  2560 | D:2      | 2560 ||| DRINKING 2 clear potions.
  2724 | D:3      | Noticed Ijyb
  2728 | D:3      | 2728 ||| INVOKING Berserk.
  2740 | D:3      | Killed Ijyb
  2741 | D:3      | Reached XP level 5. HP: 39/45 MP: 4/4
  2896 | D:3      | 2896 ||| Stepping ~*~*~tactically~*~*~ (stealth).
  2943 | D:3      | Noticed Sigmund
  2947 | D:3      | 2947 ||| INVOKING Berserk.
  2952 | D:3      | Killed Sigmund
  2953 | D:3      | Reached skill level 8 in Axes
  2953 | D:3      | Reached XP level 6. HP: 51/51 MP: 5/5
  3117 | D:3      | Found a runed translucent door.
  3118 | D:3      | Noticed Crazy Yiuf
  3408 | D:3      | 3408 ||| UPGRADING to +0 pair of gloves.
  3413 | D:3      | 3413 ||| READING scroll labelled WIGRU ELLOVINU.
  3414 | D:3      | 3414 ||| READING scroll labelled DOYZASTR ETHAVE.
  3515 | D:3      | 3515 ||| DRINKING 2 smoky golden potions.
  3616 | D:3      | 3616 ||| READING 2 scrolls of identify.
  3616 | D:3      | 3616 ||| IDENTIFYING smoky orange potion
  3617 | D:3      | 3617 ||| DROPPING potion of lignification.
  3618 | D:3      | 3618 ||| DROPPING potion of ambrosia.
  3668 | D:4      | Found a burning altar of Makhleb.
  3715 | D:4      | 3715 ||| Stepping ~*~*~tactically~*~*~ (hiding).
  3717 | D:4      | 3717 ||| INVOKING Berserk.
  3727 | D:4      | Reached skill level 3 in Armour
  3750 | D:4      | 3750 ||| Stepping ~*~*~tactically~*~*~ (stealth).
  3760 | D:4      | 3760 ||| Stepping ~*~*~tactically~*~*~ (stealth).
  3774 | D:4      | 3774 ||| Stepping ~*~*~tactically~*~*~ (stealth).
  3775 | D:4      | 3775 ||| Stepping ~*~*~tactically~*~*~ (stealth).
  3776 | D:4      | 3776 ||| Stepping ~*~*~tactically~*~*~ (stealth).
  3777 | D:4      | 3777 ||| Stepping ~*~*~tactically~*~*~ (stealth).
  3778 | D:4      | 3778 ||| Stepping ~*~*~tactically~*~*~ (stealth).
  3789 | D:4      | 3789 ||| INVOKING Berserk.
  3914 | D:4      | Found Dilufol's Self-Improvement Boutique.
  4051 | D:4      | Found a staircase to the Ecumenical Temple.
  4175 | D:4      | Reached skill level 9 in Axes
  4175 | D:4      | Reached XP level 7. HP: 56/59 MP: 6/6
  4304 | D:4      | 4304 ||| READING scroll of enchant armour.
  4304 | D:4      | 4304 ||| ENCHANTING +0 pair of gloves.
  4660 | D:4      | 4660 ||| READING scroll labelled EMNOST HIEVVINK.
  4664 | D:4      | 4664 ||| READING 2 scrolls of identify.
  4664 | D:4      | 4664 ||| IDENTIFYING smoky grey potion
  4687 | D:5      | Entered Level 5 of the Dungeon
  4721 | D:5      | 4721 ||| Stepping ~*~*~tactically~*~*~ (hiding).
  4724 | D:5      | 4724 ||| Stepping ~*~*~tactically~*~*~ (hiding).
  4865 | D:5      | 4865 ||| INVOKING Berserk.
  4948 | D:5      | 4948 ||| SWAPPING to +0 broad axe.
  4949 | D:5      | 4949 ||| DROPPING +0 hand axe.
  5187 | D:5      | 5187 ||| Stepping ~*~*~tactically~*~*~ (hiding).
  5320 | D:5      | Reached *** piety under Trog
  5439 | D:5      | Reached skill level 10 in Axes
  5439 | D:5      | Reached XP level 8. HP: 69/69 MP: 7/7
  5782 | D:5      | 5782 ||| UPGRADING to ring of poison resistance.
  5783 | D:5      | 5783 ||| READING scroll labelled KACWEXTYLU.
  5828 | D:6      | Reached skill level 6 in Fighting
  5870 | D:6      | 5870 ||| Stepping ~*~*~tactically~*~*~ (stealth).
  5871 | D:6      | 5871 ||| Stepping ~*~*~tactically~*~*~ (stealth).
  5872 | D:6      | 5872 ||| Stepping ~*~*~tactically~*~*~ (stealth).
  5878 | D:6      | 5878 ||| Stepping ~*~*~tactically~*~*~ (stealth).
  5958 | D:6      | Reached skill level 11 in Axes
  6017 | D:6      | 6017 ||| INVOKING Berserk.
  6089 | D:6      | 6089 ||| Stepping ~*~*~tactically~*~*~ (stealth).
  6090 | D:6      | 6090 ||| Stepping ~*~*~tactically~*~*~ (stealth).
  6091 | D:6      | 6091 ||| Stepping ~*~*~tactically~*~*~ (stealth).
  6121 | D:6      | 6121 ||| FLEEEEING.
  6122 | D:6      | 6122 ||| FLEEEEING.
  6123 | D:6      | 6123 ||| FLEEEEING.
  6124 | D:6      | 6124 ||| FLEEEEING.
  6125 | D:6      | 6125 ||| FLEEEEING.
  6126 | D:6      | 6126 ||| FLEEEEING.
  6127 | D:6      | 6127 ||| FLEEEEING.
  6128 | D:6      | 6128 ||| FLEEEEING.
  6129 | D:6      | 6129 ||| FLEEEEING.
  6130 | D:6      | 6130 ||| FLEEEEING.
  6131 | D:6      | 6131 ||| FLEEEEING.
  6132 | D:6      | 6132 ||| FLEEEEING.
  6133 | D:6      | 6133 ||| STAIRDANCE
  6216 | D:6      | 6216 ||| STAIRDANCE
  6218 | D:5      | 6218 ||| INVOKING Berserk.
  6339 | D:6      | 6339 ||| Stepping ~*~*~tactically~*~*~ (hiding).
  6343 | D:6      | 6343 ||| INVOKING Berserk.
  6480 | D:6      | Noticed Pikel
  6481 | D:6      | 6481 ||| Stepping ~*~*~tactically~*~*~ (stealth).
  6487 | D:6      | 6487 ||| INVOKING Berserk.
  6494 | D:6      | Killed Pikel
  6495 | D:6      | Reached skill level 12 in Axes
  6495 | D:6      | Reached XP level 9. HP: 75/75 MP: 8/8
  6526 | D:6      | 6526 ||| Stepping ~*~*~tactically~*~*~ (stealth).
  6527 | D:6      | 6527 ||| Stepping ~*~*~tactically~*~*~ (stealth).
  6755 | D:6      | 6755 ||| Stepping ~*~*~tactically~*~*~ (hiding).
  6756 | D:6      | 6756 ||| Stepping ~*~*~tactically~*~*~ (hiding).
  6773 | D:6      | 6773 ||| Stepping ~*~*~tactically~*~*~ (hiding).
  6777 | D:6      | 6777 ||| INVOKING Berserk.
  6793 | D:6      | 6793 ||| DRINKING 3 potions of curing.
  6793 | D:6      | 6793 ||| (to cure confusion)
  6867 | D:6      | Reached skill level 6 in Armour
  7018 | D:6      | 7018 ||| Stepping ~*~*~tactically~*~*~ (stealth).
  7019 | D:6      | 7019 ||| Stepping ~*~*~tactically~*~*~ (stealth).
  7027 | D:6      | Reached skill level 13 in Axes
  7199 | D:6      | 7199 ||| DROPPING +0 flail.
  7200 | D:6      | 7200 ||| DROPPING +2 flail.
  7289 | D:6      | 7289 ||| UPGRADING to +6 ring of strength.
  7365 | D:7      | 7365 ||| Stepping ~*~*~tactically~*~*~ (stealth).
  7368 | D:7      | Reached skill level 3 in Throwing
  7368 | D:7      | 7368 ||| Stepping ~*~*~tactically~*~*~ (stealth).
  7387 | D:7      | 7387 ||| FLEEEEING.
  7391 | D:7      | 7391 ||| FLEEEEING.
  7393 | D:7      | 7393 ||| STAIRDANCE
  7436 | D:6      | 7436 ||| UPGRADING to +0 pair of boots.
  7441 | D:6      | 7441 ||| DROPPING amulet of faith.
  7761 | D:7      | 7761 ||| FLEEEEING.
  7763 | D:7      | 7763 ||| FLEEEEING.
  7765 | D:7      | 7765 ||| FLEEEEING.
  7767 | D:7      | 7767 ||| FLEEEEING.
  7768 | D:7      | 7768 ||| FLEEEEING.
  7769 | D:7      | 7769 ||| FLEEEEING.
  7774 | D:7      | 7774 ||| FLEEEEING.
  7775 | D:7      | 7775 ||| FLEEEEING.
  7776 | D:7      | 7776 ||| FLEEEEING.
  7777 | D:7      | 7777 ||| FLEEEEING.
  7784 | D:7      | 7784 ||| FLEEEEING.
  7785 | D:7      | 7785 ||| FLEEEEING.
  7786 | D:7      | 7786 ||| FLEEEEING.
  7787 | D:7      | 7787 ||| FLEEEEING.
  7788 | D:7      | 7788 ||| FLEEEEING.
  7789 | D:7      | 7789 ||| FLEEEEING.
  7794 | D:7      | 7794 ||| Stepping ~*~*~tactically~*~*~ (hiding).
  7958 | D:7      | 7958 ||| Stepping ~*~*~tactically~*~*~ (stealth).
  7960 | D:7      | 7960 ||| Stepping ~*~*~tactically~*~*~ (stealth).
  7961 | D:7      | 7961 ||| Stepping ~*~*~tactically~*~*~ (stealth).
  7962 | D:7      | 7962 ||| Stepping ~*~*~tactically~*~*~ (stealth).
  7964 | D:7      | 7964 ||| Stepping ~*~*~tactically~*~*~ (stealth).
  7965 | D:7      | 7965 ||| Stepping ~*~*~tactically~*~*~ (stealth).
  7966 | D:7      | 7966 ||| Stepping ~*~*~tactically~*~*~ (stealth).
  7967 | D:7      | 7967 ||| Stepping ~*~*~tactically~*~*~ (stealth).
  7970 | D:7      | 7970 ||| Stepping ~*~*~tactically~*~*~ (stealth).
  7979 | D:7      | Reached skill level 14 in Axes
  8214 | D:8      | 8214 ||| Stepping ~*~*~tactically~*~*~ (stealth).
  8216 | D:8      | 8216 ||| Stepping ~*~*~tactically~*~*~ (hiding).
  8222 | D:8      | Reached **** piety under Trog
  8233 | D:8      | 8233 ||| Stepping ~*~*~tactically~*~*~ (stealth).
  8374 | D:8      | 8374 ||| Stepping ~*~*~tactically~*~*~ (stealth).
  8381 | D:8      | 8381 ||| Stepping ~*~*~tactically~*~*~ (stealth).
  8382 | D:8      | 8382 ||| Stepping ~*~*~tactically~*~*~ (stealth).
  8386 | D:8      | Reached XP level 10. HP: 82/88 MP: 9/9
  8442 | D:8      | 8442 ||| Stepping ~*~*~tactically~*~*~ (stealth).
  8457 | D:8      | 8457 ||| FLEEEEING.
  8528 | D:8      | Found a staircase to the Lair.
  8551 | D:8      | 8551 ||| FLEEEEING.
  8552 | D:8      | 8552 ||| FLEEEEING.
  8553 | D:8      | 8553 ||| FLEEEEING.
  8554 | D:8      | 8554 ||| FLEEEEING.
  8555 | D:8      | 8555 ||| FLEEEEING.
  8556 | D:8      | 8556 ||| FLEEEEING.
  8557 | D:8      | 8557 ||| FLEEEEING.
  8561 | D:8      | 8561 ||| FLEEEEING.
  8562 | D:8      | 8562 ||| FLEEEEING.
  8563 | D:8      | 8563 ||| FLEEEEING.
  8564 | D:8      | 8564 ||| FLEEEEING.
  8565 | D:8      | 8565 ||| FLEEEEING.
  8566 | D:8      | 8566 ||| FLEEEEING.
  8568 | D:8      | 8568 ||| FLEEEEING.
  8580 | D:8      | 8580 ||| Stepping ~*~*~tactically~*~*~ (hiding).
  8749 | D:8      | Reached skill level 15 in Axes
  8751 | D:8      | 8751 ||| INVOKING Berserk.
  8803 | D:8      | 8803 ||| FLEEEEING.
  8809 | D:8      | 8809 ||| Stepping ~*~*~tactically~*~*~ (hiding).
  8810 | D:8      | 8810 ||| Stepping ~*~*~tactically~*~*~ (hiding).
  8811 | D:8      | 8811 ||| Stepping ~*~*~tactically~*~*~ (hiding).
  8812 | D:8      | 8812 ||| Stepping ~*~*~tactically~*~*~ (hiding).
  8813 | D:8      | 8813 ||| Stepping ~*~*~tactically~*~*~ (hiding).
  9112 | D:8      | Reached skill level 9 in Fighting
  9141 | D:8      | 9141 ||| Stepping ~*~*~tactically~*~*~ (hiding).
  9143 | D:8      | 9143 ||| Stepping ~*~*~tactically~*~*~ (hiding).
  9146 | D:8      | 9146 ||| INVOKING Berserk.
  9567 | D:8      | 9567 ||| PLANNING LAIR
  9582 | Lair:1   | Entered Level 1 of the Lair of Beasts
  9601 | Lair:1   | 9601 ||| INVOKING Berserk.
  9605 | Lair:1   | Reached skill level 3 in Dodging
  9789 | Lair:1   | Noticed a cane toad
  9791 | Lair:1   | Noticed Erica
  9792 | Lair:1   | 9792 ||| INVOKING Berserk.
  9795 | Lair:1   | Killed a cane toad
  9806 | Lair:1   | 9806 ||| DRINKING 3 potions of curing.
  9806 | Lair:1   | 9806 ||| (to cure confusion)
  9815 | Lair:1   | HP: 19/91 [something (11)]
  9818 | Lair:1   | Killed Erica
  9819 | Lair:1   | Reached skill level 9 in Armour
 10129 | Lair:1   | Noticed an oklob plant
 10151 | Lair:1   | 10151 ||| READING 2 scrolls of teleportation.
 10153 | Lair:1   | 10153 ||| INVOKING Berserk.
 10155 | Lair:1   | HP: 10/136 [oklob plant/splash of acid (28)]
 10470 | Lair:1   | Noticed a black mamba
 10474 | Lair:1   | 10474 ||| INVOKING Berserk.
 10480 | Lair:1   | Killed a black mamba
 10767 | Lair:1   | Noticed a cane toad
 10771 | Lair:1   | 10771 ||| INVOKING Berserk.
 10773 | Lair:1   | Killed a cane toad
 10774 | Lair:1   | Reached XP level 11. HP: 97/97 MP: 10/10
 10951 | Lair:1   | 10951 ||| INVOKING Berserk.
 11296 | Lair:1   | 11296 ||| INVOKING Berserk.
 11301 | Lair:1   | Killed an oklob plant
 11302 | Lair:1   | Reached skill level 16 in Axes
 11709 | Lair:1   | 11709 ||| DROPPING orb of light.
 11710 | Lair:1   | 11710 ||| UPGRADING to +0 cloak of willpower.
 11715 | Lair:1   | 11715 ||| UPGRADING to +0 kite shield.
 11720 | Lair:1   | 11720 ||| DROPPING ring of willpower.
 11721 | Lair:1   | 11721 ||| READING 2 scrolls labelled FUAM HA CAAF.
 11721 | Lair:1   | Identified 2 scrolls of acquirement
 11721 | Lair:1   | 11721 ||| ACQUIRING scarf of repulsion
 11721 | Lair:1   | Acquired a scarf of repulsion
 11723 | Lair:1   | 11723 ||| READING scroll of acquirement.
 11723 | Lair:1   | 11723 ||| ACQUIRING +0 cloak of a Million Demons {rElec rF+
                  | Int+7 Dex-3}
 11723 | Lair:1   | Acquired the +0 cloak of a Million Demons {rElec rF+ Int+7
                  | Dex-3}
 11725 | Lair:1   | 11725 ||| UPGRADING to +0 cloak of a Million Demons {rElec
                  | rF+ Int+7 Dex-3}.
 11735 | Lair:1   | 11735 ||| READING scroll labelled CISEPI CIDIEQ.
 11736 | Lair:1   | 11736 ||| DRINKING 2 fizzy pink potions.
 11737 | Lair:1   | 11737 ||| DROPPING potion of magic.
 11770 | Lair:2   | 11770 ||| INVOKING Berserk.
 11774 | Lair:2   | Noticed a death yak
 11777 | Lair:2   | Noticed a death yak
 11778 | Lair:2   | 11778 ||| FLEEEEING.
 11779 | Lair:2   | 11779 ||| FLEEEEING.
 11780 | Lair:2   | Noticed a death yak
 11784 | Lair:2   | HP: 21/97 [cane toad (11)]
 11785 | Lair:2   | 11785 ||| READING scroll of teleportation.
 11785 | Lair:2   | Slain by a death yak

Levels and vault maps discovered:
D:1:      mainiacjoe_arrival_reflecting_pool, layout_loops_ring,
          hellmonk_ecumenical_altar_run_dry, nicolae_hexahallways,
          hangedman_decor_growths
D:2:      layout_basic, minmay_misc_feat_room, uniq_terence
D:3:      layout_loops_ring, uniq_sigmund, uniq_crazy_yiuf_cottage, uniq_ijyb
D:4:      layout_basic, marbit_many_paths, minmay_temple_entry_junction_2,
          nicolae_shop_self_help
D:5:      layout_layer_cave, kennysheep_generic_room_11
D:6:      layout_rooms, grunt_ministairs_14, minmay_misc_feat_nine_boxes,
          uniq_pikel
D:7:      layout_loops_ring, minmay_misc_feat_more_columns
D:8:      layout_gridville, due_lair_maze_entry_diamond
Lair:1:   layout_cave_pods, nicolae_lair_lil_pond, grunt_megastairs_5,
          lemuel_fruit_tree, uniq_erica
Lair:2:   layout_regular_city, spider_nest_entry_funnel_web, st_stairs_7,
          roderic_batcave

Skill      XL: |  1  2  3  4  5  6  7  8  9 10 11 |
---------------+----------------------------------+-----
Axes           | 4 5 6 8 9 10 12 14 15 16 | 16.1
Throwing       | 1 2 3 |  3.0
Armour         | 3 4 5 6 9 |  9.0
Fighting       | 4 5 6 8 9 |  9.0
Dodging        | 3 |  3.8
Shields        | 2 |  2.2

Action                   |  1- 3 |  4- 6 |  7- 9 | 10-12 || total
-------------------------+-------+-------+-------+-------++-------
Melee: Hand axe          |   106 |    94 |    39 |       ||   239
       Headbutt          |    15 |    10 |    41 |    18 ||    84
       Punch             |       |     1 |     4 |       ||     5
       Broad axe         |       |       |   196 |   119 ||   315
Throw: Javelin           |    15 |    34 |    59 |    26 ||   134
       Boomerang         |       |       |    20 |     9 ||    29
Invok: Berserk           |       |     5 |     6 |    10 ||    21
  Use: Scroll            |     2 |     6 |     4 |     5 ||    17
       Potion            |     2 |     3 |     1 |     2 ||     8
Armor: Animal skin       |    12 |       |       |       ||    12
       Chain mail        |    15 |     2 |       |       ||    17
       Plate armour      |       |    40 |   127 |    62 ||   229
Dodge: Dodged            |    45 |    16 |    81 |    28 ||   170
Block: Kite shield       |       |       |       |     4 ||     4

Table legend:
 A = Non-vault XP
 B = Vault XP
 C = Vault XP percentage of total XP
 D = Non-vault monster count
 E = Vault monster count
 F = Vault count percentage of total count
                 A         B        C        D         E       F
            +---------+---------+-------+---------+---------+-------
      Total |    9444 |    3360 |  26.2 |     214 |      23 |   9.7
            +---------+---------+-------+---------+---------+-------
        D:1 |      63 |       0 |   0.0 |      33 |       0 |   0.0
        D:2 |      69 |      36 |  34.3 |      19 |       1 |   5.0
        D:3 |      22 |     262 |  92.3 |      10 |       2 |  16.7
        D:4 |     469 |       2 |   0.4 |      28 |       1 |   3.4
        D:5 |     790 |      13 |   1.6 |      16 |       1 |   5.9
        D:6 |    1550 |     775 |  33.3 |      32 |       6 |  15.8
        D:7 |    1107 |       0 |   0.0 |      20 |       0 |   0.0
        D:8 |    1608 |    1234 |  43.4 |      46 |       9 |  16.4
     Lair:1 |    3282 |    1038 |  24.0 |       9 |       3 |  25.0
     Lair:2 |     484 |       0 |   0.0 |       1 |       0 |   0.0
            +---------+---------+-------+---------+---------+-------
